 Dungeon Crawl Stone Soup version 0.21.1-1-g345015f (webtiles) character file.

52 cultivahabas the Chiller (level 3, -8/24 HPs)
             Began as a Merfolk Ice Elementalist on May 10, 2018.
             Killed by divine providence
             ... invoked by an orc priest
              (13 damage)
             ... on level 2 of the Dungeon.
             The game lasted 00:12:43 (3916 turns).

cultivahabas the Chiller (Merfolk Ice Elementalist) Turns: 3916, Time: 00:12:43

Health: -8/24      AC:  2    Str:  8    XL:     3   Next: 85%
Magic:  1/6        EV: 13    Int: 15    God:
Gold:   71         SH:  0    Dex: 14    Spells: 3/6 levels left

rFire    . . .     SeeInvis .   (no weapon)
rCold    . . .     Gourm    .   (no shield)
rNeg     . . .     Faith    .   a - +0 robe
rPois    .         Spirit   .   (no helmet)
rElec    .         Reflect  .   (no cloak)
rCorr    .         Harm     .   (no gloves)
MR       .....                  (no boots)
Stlth    ++........             (no amulet)
HPRegen  0.08/turn              (no ring)
MPRegen  0.10/turn              (no ring)

@: very slightly contaminated
A: change form in water, swift swim, stealthy swim
a: no special abilities


You were on level 2 of the Dungeon.
You were not hungry.

You visited 1 branch of the dungeon, and saw 2 of its levels.

You collected 71 gold pieces.

Inventory:

Armour
 a - a +0 robe (worn)
Scrolls
 d - 3 scrolls of identify {unknown}
 h - a scroll of fear {unknown}
 i - a scroll of magic mapping {unknown}
 k - a scroll of remove curse {unknown}
 m - a scroll of immolation {unknown}
Potions
 e - a potion of might {unknown}
 f - a potion of cancellation {unknown}
 g - a potion of invisibility {unknown}
 j - a potion of brilliance {unknown}
 l - a potion of ambrosia {unknown}
 n - 2 potions of agility {unknown}
 o - a potion of degeneration {unknown}
 p - a potion of resistance {unknown}
Books
 b - a book of Frost

   Spells                             Type                      Level
   a - Freeze                         Ice                          1
   b - Throw Frost                    Conjuration/Ice              2
   c - Ozocubu's Armour               Charms/Ice                   3
   d - Throw Icicle                   Conjuration/Ice              4
   e - Summon Ice Beast               Ice/Summoning                4


   Skills:
 - Level 2.6 Dodging
 - Level 2.1 Stealth
 + Level 2.2 Spellcasting
 * Level 1.2 Conjurations
 * Level 4.7 Ice Magic


You had 3 spell levels left.
You knew the following spells:

 Your Spells              Type           Power        Failure   Level  Hunger
a - Freeze                Ice            ###.         3%          1    #......
b - Throw Frost           Conj/Ice       ##....       10%         2    ###....


Dungeon Overview and Level Annotations

Branches:
Dungeon (2/15)

Altars:


Message History

Ouch! That really hurt!
Casting: Throw Frost
Confirm with . or Enter, or press ? or * to list all spells.
Aiming: Freeze
Press: ? - help, Shift-Dir - straight line, f/p - orc priest
Aim: an orc priest, wielding a club and wearing a leather armour You freeze the orc priest.
The orc priest is moderately wounded.
The orc priest mumbles some strange prayers to Beogh against you.
Pain shoots through your body!
The orc priest calls down the wrath of Beogh upon you.
Pain shoots through your body!
* * * LOW HITPOINT WARNING * * *
All of the chunks of flesh in your inventory have rotted away.
The orc priest hits you with a club.
* * * LOW HITPOINT WARNING * * *
The orc priest calls down the wrath of Beogh upon you.
Beogh smites you!
Ouch! That really hurt!
You die...

#.# #.# #.## #.# #.#
#.# ##.# #.# #.####
#..# #.# #.#... #.##
#.# #....> #.# #.#
###... #.# #.# ##.#
#^# #.# #<# #@#### #.#
#.# #..o.# #.# #.#
####.# #.# #.# #.# #.#
#.# #.# #.# #.# ###.#
#.# #.#
#...###.#######.#
########..............
...............####.##


You could see an orc priest.

Vanquished Creatures
  2 adders (D:2)
  2 dart slugs
  3 bats
  3 giant cockroaches (D:1)
  3 goblins (D:1)
  2 hobgoblins (D:1)
  5 jackals (D:1)
  A ball python (D:1)
  A frilled lizard (D:2)
  2 kobolds
  4 rats (D:1)
28 creatures vanquished.

Notes
Turn   | Place    | Note
-------+----------+-------------------------------------------
     0 | D:1      | cultivahabas the Merfolk Ice Elementalist began the quest for the Orb.
     0 | D:1      | Reached XP level 1. HP: 13/13 MP: 3/3
   272 | D:1      | Reached XP level 2. HP: 19/19 MP: 0/5
   281 | D:1      | Learned a level 2 spell: Throw Frost
   908 | D:1      | Reached skill level 4 in Ice Magic
  2012 | D:1      | Reached XP level 3. HP: 24/24 MP: 0/6
  2903 | D:2      | Reached skill level 1 in Conjurations
  3916 | D:2      | Killed from afar by an orc priest

Skill      XL: |  1  2  3 |
---------------+----------+-----
Ice Magic      | 4 |  4.7
Conjurations   | 1 |  1.2
Dodging        | |  2.6
Stealth        | |  2.1
Spellcasting   | |  2.2

Action                   || total
-------------------------++-------
Melee: Unarmed           ||     3
 Cast: Freeze            ||    30
       Throw Frost       ||    23
  Eat: Chunk             ||     8
       Ration            ||     1
Armor: Robe              ||    11
Dodge: Dodged            ||    26
